 Dungeon Crawl Stone Soup version 0.31.0-1-g2c135a0 (webtiles) character file.

Game seed: 8689195432457608394

244276 bob002 the Peltast (level 18, -4/144 HPs)
             Began as a Demonspawn Chaos Knight on Mar 17, 2024.
             Was a Plaything of Xom.
             Slain by a war gargoyle
             ... wielding a +2 dire flail of protection
              (17 damage)
             ... on level 1 of the Vaults on Mar 18, 2024.
             The game lasted 04:34:15 (33675 turns).

bob002 the Peltast (Demonspawn Chaos Knight)       Turns: 33675, Time: 04:34:15

Health: -4/144     AC: 23    Str: 23    XL:     18   Next: 73%
Magic:  0/18       EV: 11    Int: 22    God:    Xom [..*...]
Gold:   1739       SH: 27    Dex: 13    Spells: 17/17 levels left

rFire   + . .        U - +10 war axe of Ulaun {elec, Will+ Int+4}
rCold   + . .        I - +8 tower shield
rNeg    . . .        Q - +0 fire dragon scales
rPois   .            X - +1 hat of Enwuiqogg {rF- rC++ Regen+ SInv}
rElec   .            (cloak unavailable)
rCorr   .            (no gloves)
SInv    +            c - +2 pair of boots {Fly}
Will    ++...        k - amulet of guardian spirit Stlth
                     M - +6 ring of strength
HPRegen 0.44/turn    R - +4 ring of protection
MPRegen 0.16/turn

%: guardian spirit
@: agile, silenced, flying, constricted
A: ignite blood 3, powered by pain 3, sharp scales 2, weakness stinger 3, clever
1, deterioration 1
}: 2/15 runes: decaying, serpentine
a: Renounce Religion


You were on level 1 of the Vaults.
You worshipped Xom.
You were a toy of Xom.
You visited 8 branches of the dungeon, and saw 32 of its levels.
You also visited: Ossuary and Gauntlet.

You collected 4664 gold pieces.
You spent 2925 gold pieces at shops.

Inventory:

Hand Weapons
 q - the +9 trident of Fear {heavy, rN+}
   (You found it on level 3 of the Dungeon)

   rN+:       It protects you from negative energy.
 U - the +10 war axe of Ulaun (weapon) {elec, Will+ Int+4}
   (You found it on level 1 of the Snake Pit)

   Int+4:     It affects your intelligence (+4).
   Will+:     It increases your willpower.
Armour
 a - a +1 helmet
 c - a +2 pair of boots of flying (worn)
 B - +0 swamp dragon scales
 G - the +4 ring mail "Aloudgh" {rF+ rN+ Int-5}
   (You found it on level 6 of the Dungeon)

   Int-5:     It affects your intelligence (-5).
   rF+:       It protects you from fire.
   rN+:       It protects you from negative energy.
 I - a +8 tower shield (worn)
 O - the +0 helmet of Rotten Knowledge {rPois rCorr Dex-4}
   (You found it on level 14 of the Dungeon)

   Dex-4:     It affects your dexterity (-4).
   rPois:     It protects you from poison rCorr: It protects you from acid and
   corrosion.
 Q - +0 fire dragon scales (worn)
 X - the +1 hat of Enwuiqogg (worn) {rF- rC++ Regen+ SInv}
   (You acquired it on level 2 of the Orcish Mines)

   rF-:       It makes you vulnerable to fire.
   rC++:      It greatly protects you from cold.
   SInv:      It lets you see invisible.
   Regen+:    It increases your rate of health regeneration.
Jewellery
 k - an amulet of guardian spirit (around neck)
 m - an amulet of regeneration
 s - a ring of protection from fire
 H - a ring of willpower
 M - a +6 ring of strength (left hand)
 N - a ring of resist corrosion
 P - a +6 ring of strength
 R - a +4 ring of protection (right hand)
Wands
 d - a wand of acid (16)
 e - a wand of mindburst (59)
 w - a wand of roots (21)
 C - a wand of flame (55)
 J - a wand of paralysis (48)
 S - a wand of polymorph (10)
Scrolls
 i - a scroll of torment
 j - 6 scrolls of identify
 l - 3 scrolls of noise
 n - 3 scrolls of poison
 o - a scroll of amnesia
 p - 2 scrolls of fog
 r - 2 scrolls of enchant weapon
 u - a scroll of brand weapon
 v - 8 scrolls of teleportation
 y - 9 scrolls of immolation
 z - 6 scrolls of vulnerability
 A - 4 scrolls of revelation
 V - 2 scrolls of enchant armour
 Y - a scroll of blinking
Potions
 b - 2 potions of attraction
 f - 8 potions of curing (quivered)
 g - 3 potions of magic
 t - 2 potions of ambrosia
 D - a potion of might
 E - 3 potions of enlightenment
 K - 2 potions of cancellation
Miscellaneous
 W - a phantom mirror


   Skills:
 - Level 13.4 Fighting
 - Level 9.8(13.8) Axes
 - Level 15.5(16.6) Polearms
 + Level 13.2 Armour
 - Level 1.5 Dodging
 - Level 16.1 Shields
 - Level 14.0 Evocations


You had 17 spell levels left.
You didn't know any spells.
Your spell library contained the following spells:

 Spells                   Type           Power      Damage    Failure   Level
 Apportation              Tloc           0%         N/A       65%         1
 Magic Dart               Conj           0%         1d3       65%         1
 Necrotise                Necr           0%         1d4       65%         1
 Shock                    Conj/Air       0%         1d3       65%         1
 Sting                    Conj/Alch      0%         1d3       65%         1
 Summon Small Mammal      Summ           0%         N/A       65%         1
 Blink                    Tloc           0%         N/A       80%         2
 Call Imp                 Summ           0%         N/A       80%         2
 Cigotuvi's Dreadful Rot  Necr/Alch/Air  0%         N/A       80%         2
 Ensorcelled Hibernation  Hex/Ice        0%         N/A       80%         2
 Lesser Beckoning         Tloc           0%         N/A       80%         2
 Mercury Vapours          Alch/Air       0%         N/A       80%         2
 Searing Ray              Conj           0%         2d4       80%         2
 Static Discharge         Conj/Air       0%         3-3/arc   80%         2
 Sublimation of Blood     Necr           0%         N/A       80%         2
 Dazzling Flash           Conj/Hex       0%         N/A       95%         3
 Frozen Ramparts          Ice            0%         1d1       95%         3
 Fugue of the Fallen      Necr           0%         N/A       95%         3
 Gell's Gravitas          Tloc           0%         N/A       95%         3
 Mephitic Cloud           Conj/Alch/Air  0%         N/A       95%         3
 Ozocubu's Armour         Ice            0%         N/A       95%         3
 Summon Ice Beast         Ice/Summ       0%         N/A       95%         3
 Swiftness                Air            0%         N/A       95%         3
 Teleport Other           Tloc           0%         N/A       95%         3
 Tukima's Dance           Hex            0%         N/A       95%         3
 Volatile Blastmotes      Fire/Tloc      0%         2d10      95%         3
 Airstrike                Air            0%         2d(0-16)  100%        4
 Anguish                  Hex/Necr       0%         N/A       100%        4
 Animate Armour           Summ/Erth      0%         N/A       100%        4
 Cause Fear               Hex            0%         N/A       100%        4
 Dimensional Bullseye     Hex/Tloc       0%         N/A       100%        4
 Dispel Undead            Necr           0%         3d6       100%        4
 Fulminant Prism          Conj/Alch      0%         3d5       100%        4
 Iskenderun's Mystic Bla  Conj/Tloc      0%         2d3       100%        4
 Leda's Liquefaction      Alch/Erth      0%         N/A       100%        4
 Manifold Assault         Tloc           0%         N/A       100%        4
 Martyr's Knell           Necr/Summ      0%         N/A       100%        4
 Petrify                  Alch/Erth      0%         N/A       100%        4
 Summon Lightning Spire   Summ/Air       0%         N/A       100%        4
 Vhi's Electric Charge    Tloc/Air       0%         N/A       100%        4
 Arcjolt                  Conj/Air       0%         1d10      100%        5
 Freezing Cloud           Conj/Ice/Air   0%         6-21      100%        5
 Irradiate                Conj/Alch      0%         3d11      100%        5
 Lee's Rapid Deconstruct  Erth           0%         3d4*      100%        5
 Metabolic Englaciation   Hex/Ice        0%         N/A       100%        5
 Summon Mana Viper        Hex/Summ       0%         N/A       100%        5
 Death Channel            Necr           0%         N/A       100%        6
 Dispersal                Tloc           0%         N/A       100%        6
 Plasma Beam              Fire/Air       0%         2x1d10    100%        6
 Starburst                Conj/Fire      0%         6d3       100%        6
 Enfeeble                 Hex            0%         N/A       100%        7
 Monstrous Menagerie      Summ           0%         N/A       100%        7
 Disjunction              Tloc           0%         N/A       100%        8
 Maxwell's Capacitive Co  Air            0%         ∞         100%        8


Dungeon Overview and Level Annotations

Branches:
Dungeon (14/15)            Temple (1/1) D:4            Lair (5/5) D:8
  Swamp (4/4) Lair:2        Snake (4/4) Lair:2        Slime (0/5) Lair:5
    Orc (2/2) D:9             Elf (1/3) Orc:2        Vaults (1/5) D:14
Ossuary (visited)         Gauntlet (visited)

Altars:
Ashenzari
Cheibriados
Dithmenos
Fedhas
Gozag
Hepliaklqana
Kikubaaqudgha
Makhleb
Nemelex Xobeh
Okawaru
Qazlal
Ru
Sif Muna
Trog
Uskayaw
Vehumet
Wu Jian
Xom
Yredelemnul
Jiyva

Shops:
D:3 [**   D:5 (   D:7 !   D:10 ?   D:11 :   D:14 *   Orc:2 (*!*?[(   Snake:1 *
Snake:2 ?=*=   Snake:4 (

Portals:
Abyss: Swamp:3

Annotations:
Swamp:3 2 transporters, fermion's ghost, adept FeSu


Innate Abilities, Weirdness & Mutations

Your demonic aura causes all spilled blood to erupt in flames.
You are powered by pain.
You are mostly covered in razor-sharp scales. (AC +2, Slay +2)
You have a sharp stinger which inflicts weakening toxins.
Your mind is acute. (Int +4, Str/Dex -1)
Your body sometimes deteriorates upon taking damage.


Message History

The ironbound thunderhulk blinks!
As you read the scroll of teleportation, it crumbles to dust.
You feel strangely unstable.
The deep troll seems less confused.
As you read the scroll of fear, it crumbles to dust.
You assume a fearsome visage.
The ironbound thunderhulk looks frightened!
The deep troll looks frightened!
Strange energies crackle from the ironbound thunderhulk's apparatus.
The ironbound thunderhulk blinks!
Strange energies crackle from the ironbound thunderhulk's apparatus.
The ironbound thunderhulk blinks!
Your surroundings suddenly seem different.
An ironbound convoker, a war gargoyle and a formless jellyfish come into view.
The war gargoyle is wielding a +2 dire flail of protection.
Found a chain mail.
The formless jellyfish quivers.
The formless jellyfish shimmers eerily.
The formless jellyfish blinks!
As you read the scroll of fog, it dissolves into smoke.
You block the ironbound convoker's attack.
You hit the ironbound convoker.
Your tail-slap misses the ironbound convoker.
The ironbound convoker is lightly wounded.
The war gargoyle launches metal splinters at you.
You block the spray of metal splinters.
The ironbound convoker casts a spell at the war gargoyle.
The war gargoyle seems to grow stronger.
Blink to where?
Press: ? - help, Dir - move target
Okay, then.
As you read the scroll of silence, it crumbles to dust.
A profound silence engulfs you.
The ironbound convoker hits you with a +0 dire flail!
* * * LOW HITPOINT WARNING * * *
You block the formless jellyfish's attack.
The formless jellyfish grabs you. The formless jellyfish constricts you.
* * * LOW HITPOINT WARNING * * *
The war gargoyle hits you with a +2 dire flail of protection!!
You die...
Xom howls with laughter!

#########
#.......#
#§§§.9..+
#p9§....#
#@J§#
#§§§#
#§§§#
#...#
#...#
#....
#.....
#...[..


You could see a formless jellyfish (unsilenced), a war gargoyle (strong,
unsilenced) and an ironbound convoker.

Vanquished Creatures
  Vashnia (Snake:2)
  Saint Roka (Snake:3)
  Rupert (D:13)
  An iron giant (Snake:4)
  Jorgrun (Snake:3)
  Asterion (Snake:3)
  Mlioglotl (Swamp:3)
  Agnes (Snake:1)
  2 fenstrider witches (Swamp:3)
  Roxanne (Snake:2)
  Aizul (Swamp:3)
  7 nagarajas
  2 orc warlords
  2 ironbound preservers (Vaults:1)
  3 eleionomae
  A dire elephant (Lair:5)
  A minotaur (Gauntlet)
  6 bunyips
  An entropy weaver (D:14)
  A fire dragon (Swamp:3)
  A yaktaur captain (Vaults:1)
  2 shambling mangroves
  A vault guard (D:14)
  15 hydras
  5 centaur warriors
  2 salamander tyrants
  Harold (D:9)
  An ironbound frostheart (Vaults:1)
  A death knight (D:13)
  3 ghost crabs
  16 anacondas
  2 catoblepae
  6 boulder beetles
  12 alligators
  18 death yaks
  2 tengu warriors (D:12)
  15 naga warriors
  4 two-headed ogres
  A hell hog (Gauntlet)
  A deep troll shaman (Lair:5)
  4 orc high priests
  4 shock serpents
  12 naga sharpshooters
  8 spriggans
  A deep elf knight (Elf:1)
  Sonja (Orc:1)
  A skyshark (Lair:3)
  10 sea snakes
  7 mana vipers
  2 salamander mystics
  5 goliath frogs
  3 deep trolls (Vaults:1)
  An arcanist (Vaults:1)
  A death drake (shapeshifter) (Lair:5)
  2 bog bodies (Swamp:2)
  A slime creature (D:12)
  5 spriggan druids
  2 deep elf archers (Elf:1)
  5 lindwurms
  5 swamp dragons
  3 naga ritualists
  3 deep elf pyromancers
  10 salamanders
  2 deep elf zephyrmancers (Elf:1)
  4 ugly things
  An oklob plant (Gauntlet)
  6 orc knights
  7 will-o-the-wisps
  5 cyclopes
  7 orc sorcerers
  16 elephants
  2 manticores (D:14)
  9 kobold blastminers (Orc:2)
  A guardian serpent (shapeshifter) (D:13)
  33 black mambas
  Joseph (D:7)
  11 guardian serpents
  16 naga magi
  A torpor snail (Lair:5)
  Maggie (D:7)
  13 cane toads
  The ghost of cpf86 the Sneak, a novice OpFi (D:5)
  3 rime drakes
  3 yaktaurs (Vaults:1)
  2 freezing wraiths (D:13)
  8 komodo dragons
  3 trolls
  5 polar bears
  A queen bee (shapeshifter) (D:13)
  6 tyrant leeches
  6 hornets
  20 blink frogs
  6 dream sheep (Lair:5)
  6 wyverns
  5 wraiths
  46 yaks
  A human (Swamp:4)
  4 water elementals (D:14)
  6 fire bats
  A steam dragon (D:9)
  Menkaure (Ossuary)
  9 vampire mosquitoes
  8 basilisks
  7 wargs
  A chaos spawn (Gauntlet)
  43 nagas
  Edmund (D:4)
  13 swamp worms
  7 water moccasins
  9 acid dragons
  3 hell hounds (Gauntlet)
  A sky beast (D:6)
  12 swamp drakes
  47 orc warriors
  An ice beast (D:6)
  7 black bears
  2 laughing skulls (D:14)
  22 wolves
  The ghost of flinslave4 the Covered, an amateur BaFi (D:3)
  12 ogres
  A crocodile (Orc:1)
  12 centaurs
  A phantom (D:4)
  9 bullfrogs
  2 gnoll sergeants
  3 kobold brigands
  3 scorpions (D:7)
  5 wights
  9 killer bees
  4 howler monkeys
  4 electric eels
  A bombardier beetle (D:4)
  2 hounds
  2 jellies (D:6)
  4 sleepcaps
  25 orc priests
  A gnoll bouda (D:5)
  Ijyb (D:4)
  3 iguanas
  51 orc wizards
  3 mummies (Ossuary)
  13 gnolls
  7 adders
  2 shadow imps (D:6)
  A white imp (D:6)
  2 ufetubi (D:5)
  8 dart slugs
  A ribbon worm (D:4)
  78 orcs
  4 ball pythons
  5 endoplasms
  8 giant cockroaches
  4 gnoll zombies (Ossuary)
  13 goblins
  5 hobgoblins
  16 kobolds
  6 quokkas
  3 training dummies (D:5)
  5 bats
  5 frilled lizards
  2 gnoll skeletons (Ossuary)
  5 goblin skeletons (Ossuary)
  5 goblin zombies (Ossuary)
  6 hobgoblin skeletons (Ossuary)
  5 hobgoblin zombies (Ossuary)
  4 kobold skeletons (Ossuary)
  4 kobold zombies (Ossuary)
  5 orc skeletons (Ossuary)
  5 orc zombies (Ossuary)
  8 rats
  3 rat skeletons (Ossuary)
  2 rat zombies (Ossuary)
  3 butterflies (Lair:1)
  A spectral weapon (Snake:3)
1107 creatures vanquished.

Vanquished Creatures (collateral kills)
  2 nagarajas (Snake:4)
  3 naga sharpshooters
  A shock serpent (Snake:4)
  2 naga ritualists
  A bog body (Swamp:3)
  A mana viper (Snake:3)
  A salamander (Snake:3)
  4 black mambas
  3 naga magi (Snake:1)
  A yak (Lair:5)
  5 nagas
  A ribbon worm (D:4)
  An orc (Orc:2)
26 creatures vanquished.

Vanquished Creatures (others)
  An eldritch tentacle (Snake:2)
  A dancing weapon (Orc:2)
  An elephant (Lair:4)
  4 swamp drakes
  2 orcs
  44 foxfires
53 creatures vanquished.

Grand Total: 1186 creatures vanquished

Notes
Turn   | Place    | Note
-------+----------+-------------------------------------------
     0 | D:1      | bob002 the Demonspawn Chaos Knight began the quest for the
                  | Orb.
     0 | D:1      | Reached XP level 1. HP: 18/18 MP: 1/1
    22 | D:1      | XOM: divination: detect items
   194 | D:1      | Gained mutation: You have a small tail. [demonic ancestry]
   194 | D:1      | Reached XP level 2. HP: 24/24 MP: 2/2
   242 | D:1      | XOM: silly message
   296 | D:1      | Reached skill level 1 in Dodging
   510 | D:1      | Reached XP level 3. HP: 29/29 MP: 3/3
   512 | D:1      | XOM: noise
   832 | D:2      | XOM: silly message
  1164 | D:2      | XOM: cloud trail
  1300 | D:3      | Found Dukerghorgh's Assorted Antiques.
  1384 | D:3      | Identified the +9 trident of Fear {heavy, rN+}
  1437 | D:3      | Found Ediocohu's Antique Armour Shop.
  1538 | D:3      | Found Jyvar's Assorted Antiques.
  1556 | D:3      | Gained mutation: You sometimes gain a little power by
                  | taking damage. [demonic ancestry]
  1556 | D:3      | Reached XP level 4. HP: 35/35 MP: 4/4
  1776 | D:3      | Found a runed translucent door.
  1778 | D:3      | Noticed flinslave4's ghost (amateur BaFi)
  1789 | D:3      | Killed flinslave4's ghost
  1790 | D:3      | Reached skill level 1 in Evocations
  1790 | D:3      | Gained mutation: Your demonic aura sometimes causes spilled
                  | blood to erupt in flames. [demonic ancestry]
  1790 | D:3      | Reached XP level 5. HP: 24/42 MP: 5/5
  1922 | D:3      | XOM: god gift: scroll labelled NUNICO OWESAI {god gift}
  2223 | D:3      | Bought a blackened fluorescent wand for 72 gold pieces
  2288 | D:4      | Gained mutation: Your demonic aura often causes spilled
                  | blood to erupt in flames. [demonic ancestry]
  2288 | D:4      | Reached XP level 6. HP: 40/48 MP: 6/6
  2303 | D:4      | Noticed Edmund
  2308 | D:4      | XOM: confuse monster(s)
  2310 | D:4      | Reached skill level 5 in Polearms
  2315 | D:4      | XOM: divination: detect creatures
  2414 | D:4      | Found a staircase to the Ecumenical Temple.
  2487 | D:4      | XOM: butterfly on damage
  2490 | D:4      | Killed Edmund
  2491 | D:4      | Gained mutation: You sometimes gain power by taking damage.
                  | [demonic ancestry]
  2491 | D:4      | Reached XP level 7. HP: 30/54 MP: 7/7
  2649 | D:4      | Found a sand-covered staircase.
  2654 | Ossuary  | Entered an ossuary
  2703 | Ossuary  | XOM: 7-stop teleportation journey
  3114 | Ossuary  | XOM: 10-stop teleportation journey
  3220 | Ossuary  | Noticed Menkaure
  3228 | Ossuary  | Killed Menkaure
  3229 | Ossuary  | Reached skill level 1 in Shields
  3231 | Ossuary  | XOM: blink monster(s)
  3439 | D:4      | XOM: summons 3 friendly demons
  3507 | D:4      | XOM: noise
  3622 | Temple   | Entered the Ecumenical Temple
  3650 | D:4      | Noticed Ijyb
  3660 | D:4      | XOM: smoke on damage
  3662 | D:4      | Killed Ijyb
  3854 | D:4      | XOM: confusion
  3870 | D:4      | Gained mutation: You are partially covered in razor-sharp
                  | scales. (AC +1, Slay +1) [demonic ancestry]
  3870 | D:4      | Reached XP level 8. HP: 54/61 MP: 8/8
  4071 | D:5      | Entered Level 5 of the Dungeon
  4078 | D:5      | XOM: chaos upgrade
  4214 | D:5      | XOM: confusion
  4294 | D:5      | XOM: give mutations
  4294 | D:5      | Gained mutation: You occasionally lose the ability to drink
                  | potions when taking damage. [Xom's mischief]
  4294 | D:5      | Gained mutation: You sometimes lose the ability to drink
                  | potions when taking damage. [Xom's mischief]
  4294 | D:5      | Gained mutation: Your system is resistant to poisons.
                  | (rPois) [Xom's mischief]
  4308 | D:5      | Noticed cpf86's ghost (novice OpFi)
  4316 | D:5      | Found a runed translucent gate.
  4316 | D:5      | Found a runed translucent gate.
  4318 | D:5      | Found a runed translucent gate.
  4337 | D:5      | Found an ornate altar of the Wu Jian Council.
  4337 | D:5      | XOM: 2-stop teleportation journey
  4371 | D:5      | Killed cpf86's ghost
  4372 | D:5      | Reached skill level 2 in Shields
  4375 | D:5      | Reached skill level 5 in Fighting
  4455 | D:5      | Found Sanantaq's Firing Range.
  4796 | D:5      | Found a bloodstained altar of Trog.
  4929 | D:6      | XOM: potion effect (brilliance)
  4944 | D:6      | Reached skill level 3 in Shields
  4964 | D:6      | Gained mutation: You have a tail ending in a sharp stinger.
                  | [demonic ancestry]
  4964 | D:6      | Reached XP level 9. HP: 59/68 MP: 9/9
  5101 | D:6      | Reached skill level 5 in Evocations
  5158 | D:6      | XOM: 3-stop teleportation journey
  5300 | D:6      | Identified the +4 ring mail "Aloudgh" {rF+ rN+ Int-5}
  5395 | D:6      | Found an opulent altar of Gozag.
  5629 | D:7      | Noticed Maggie
  5629 | D:7      | XOM: potion effect (brilliance)
  5632 | D:7      | Reached skill level 4 in Shields
  5634 | D:7      | XOM: silly message
  5638 | D:7      | XOM: confuse monster(s)
  5641 | D:7      | Killed Maggie
  5804 | D:7      | XOM: potion effect (haste)
  5886 | D:7      | Noticed Joseph
  5897 | D:7      | Killed Joseph
  5958 | D:7      | XOM: silly message
  5988 | D:7      | Found Adudalo's Distillery.
  5994 | D:7      | Bought a potion of heal wounds for 65 gold pieces
  5994 | D:7      | Bought a potion of heal wounds for 65 gold pieces
  5994 | D:7      | Bought a potion of heal wounds for 65 gold pieces
  5994 | D:7      | Bought a potion of berserk rage for 65 gold pieces
  5994 | D:7      | Bought a potion of curing for 39 gold pieces
  5994 | D:7      | Bought a potion of curing for 39 gold pieces
  6404 | D:8      | Reached XP level 10. HP: 61/75 MP: 10/10
  6416 | D:8      | Reached skill level 5 in Shields
  6549 | D:8      | XOM: silly message
  7000 | D:8      | XOM: silly message
  7105 | D:8      | XOM: silly message
  7124 | D:8      | XOM: silly message
  7205 | D:8      | XOM: noise
  7252 | D:8      | XOM is BORED!
  7252 | D:8      | XOM: stat loss: -1 Str (15/16)
  7393 | D:8      | Found a staircase to the Lair.
  7481 | D:9      | XOM: summons friendly white imp
  7507 | D:9      | XOM: stat loss: -1 Str (14/16)
  7511 | D:9      | Reached skill level 10 in Polearms
  7512 | D:9      | Noticed a two-headed ogre
  7519 | D:9      | Reached skill level 6 in Shields
  7521 | D:9      | XOM: enchant monster (bad)
  7522 | D:9      | Killed a two-headed ogre
  7630 | D:9      | Found a sacrificial altar of Ru.
  7634 | D:9      | Found a broken altar of Ashenzari.
  7798 | D:9      | Found a hide-covered altar of Uskayaw.
  7858 | D:9      | XOM: silly message
  7897 | D:9      | Found a staircase to the Orcish Mines.
  7909 | Orc:1    | Entered Level 1 of the Orcish Mines
  7921 | Orc:1    | Noticed an orc knight
  7939 | Orc:1    | XOM: potion effect (brilliance)
  7948 | Orc:1    | XOM: potion effect (might)
  7950 | Orc:1    | Gained mutation: Your demonic aura causes all spilled blood
                  | to erupt in flames. [demonic ancestry]
  7950 | Orc:1    | Reached XP level 11. HP: 40/84 MP: 11/11
  7955 | Orc:1    | Killed an orc knight
  8168 | Orc:2    | Entered Level 2 of the Orcish Mines
  8171 | Orc:2    | Reached skill level 7 in Shields
  8172 | Orc:2    | Found Emmiu's Distillery.
  8172 | Orc:2    | XOM: 4-stop teleportation journey
  8191 | Orc:1    | XOM: stat loss: -1 Int (7/8)
  8230 | Orc:2    | Noticed an orc sorcerer
  8231 | Orc:2    | Noticed an orc knight
  8233 | Orc:2    | Noticed an orc high priest
  8234 | Orc:2    | Killed an orc sorcerer
  8238 | Orc:2    | Noticed an orc knight
  8250 | Orc:2    | Noticed an orc high priest
  8349 | Orc:1    | XOM: 1-stop teleportation journey
  8382 | Orc:2    | Lost mutation: Your system is resistant to poisons. (rPois)
                  | [potion of mutation]
  8382 | Orc:2    | Lost mutation: You sometimes lose the ability to drink
                  | potions when taking damage. [potion of mutation]
  8382 | Orc:2    | Gained mutation: You are vulnerable to cold. (rC-) [potion
                  | of mutation]
  8389 | Orc:2    | XOM: chaos upgrade
  8404 | Orc:1    | Killed an orc knight
  8478 | Orc:2    | XOM: summons 2 friendly demons
  8484 | Orc:2    | XOM: summons friendly shadow imp
  8491 | Orc:2    | XOM: noise
  8509 | Orc:2    | XOM: cast spell 'Leda's Liquefaction'
  8510 | Orc:2    | Killed an orc knight
  8513 | Orc:2    | XOM: butterfly on damage
  8521 | Orc:2    | XOM: confusion (+ monsters)
  8559 | Orc:2    | Killed an orc high priest
  8584 | Orc:2    | Found Unyfun's General Store.
  8599 | Orc:2    | Bought a potion of mutation for 80 gold pieces
  8599 | Orc:2    | Lost mutation: You are vulnerable to cold. (rC-) [potion of
                  | mutation]
  8599 | Orc:2    | Lost mutation: You occasionally lose the ability to drink
                  | potions when taking damage. [potion of mutation]
  8599 | Orc:2    | Gained mutation: You are dopey. (Int -2) [potion of
                  | mutation]
  8599 | Orc:2    | Gained mutation: You have hidden genetic defects. [potion
                  | of mutation]
  8599 | Orc:2    | Gained mutation: You passively map a small area around you.
                  | [potion of mutation]
  8599 | Orc:2    | Gained mutation: Your spells are a little harder to cast,
                  | but a little more powerful. [potion of mutation]
  8619 | Orc:2    | XOM: cloud trail
  8620 | Orc:2    | Reached skill level 8 in Shields
  8620 | Orc:2    | Noticed an orc sorcerer
  8629 | Orc:2    | Killed an orc sorcerer
  8653 | Orc:2    | XOM: summons 2 hostile demons
  8694 | Orc:2    | Killed an orc high priest
  8711 | Orc:2    | Gained mutation: You are mostly covered in razor-sharp
                  | scales. (AC +2, Slay +2) [demonic ancestry]
  8711 | Orc:2    | Reached XP level 12. HP: 23/94 MP: 12/12
  8713 | Orc:2    | Gained mutation: Your body sometimes deteriorates upon
                  | taking damage. [hidden defects]
  8780 | Orc:2    | Noticed an orc warlord
  8787 | Orc:2    | XOM: scenery: summon butterflies
  8793 | Orc:2    | XOM: enchant monster (good)
  8855 | Orc:2    | Found Suowk's General Store.
  8898 | Orc:2    | XOM: give mutations
  8898 | Orc:2    | Gained mutation: A frigid envelope surrounds you and
                  | freezes all who hurt you. [Xom's grace]
  8898 | Orc:2    | Gained mutation: Your natural rate of healing is unusually
                  | fast. [Xom's grace]
  8898 | Orc:2    | Gained mutation: You have a pair of small antennae on your
                  | head. [Xom's grace]
  8898 | Orc:2    | Gained mutation: Your flesh is cold resistant. (rC+) [Xom's
                  | grace]
  8905 | Orc:2    | XOM: enchant monster (good)
  8916 | Orc:2    | XOM: scenery: create altars
  8989 | Orc:2    | Found a staircase to the Elven Halls.
  9028 | Orc:2    | XOM: confuse monster(s)
  9030 | Orc:2    | XOM: polymorph orc -> orc
  9032 | Orc:2    | Killed an orc warlord
  9109 | Orc:2    | XOM: silly message
  9117 | Orc:2    | XOM: potion effect (might)
  9136 | Orc:2    | XOM: divination: detect items
  9146 | Orc:2    | Found Fuxi's Antique Weapon Emporium.
  9156 | Orc:2    | Found Imouh's Antique Armour Shoppe.
  9161 | Orc:2    | Gained mutation: You occasionally shout uncontrollably at
                  | your foes. [hidden defects]
  9161 | Orc:2    | Lost mutation: You have hidden genetic defects. [hidden
                  | defects expressed]
  9212 | Orc:2    | XOM: give mutations
  9212 | Orc:2    | Gained mutation: Your muscles are strong. (Str +4, Int/Dex
                  | -1) [Xom's grace]
  9212 | Orc:2    | Gained mutation: You are robust. (+10% HP) [Xom's grace]
  9212 | Orc:2    | Gained mutation: Your flesh is very cold resistant. (rC++)
                  | [Xom's grace]
  9370 | Orc:2    | Reached skill level 9 in Shields
  9370 | Orc:2    | Noticed an orc high priest
  9379 | Orc:2    | Killed an orc high priest
  9393 | Orc:2    | Found Butwiuba's Magic Scroll Shop.
  9513 | Orc:2    | Found Exolun's Weapon Shop.
 10208 | D:9      | Noticed Harold
 10240 | D:10     | Entered Level 10 of the Dungeon
 10404 | D:10     | XOM: cloud trail
 10499 | D:10     | Found Dagyupeu's Magic Scroll Boutique.
 10524 | D:10     | Noticed a two-headed ogre
 10545 | D:10     | Killed a two-headed ogre
 10742 | D:10     | XOM: god gift: scroll of immolation
 10811 | D:10     | Noticed a two-headed ogre
 10816 | D:10     | XOM: summons friendly iron imp
 10819 | D:10     | Killed a two-headed ogre
 10911 | D:10     | Found a sparkling altar of Nemelex Xobeh.
 11217 | D:9      | Killed Harold
 11391 | D:11     | Noticed an eight-headed hydra
 11393 | D:11     | XOM: confuse monster(s)
 11409 | D:11     | Killed an eight-headed hydra
 11428 | D:11     | XOM is BORED!
 11428 | D:11     | XOM: 1-stop teleportation journey
 11467 | D:11     | XOM: polymorph cyclops -> rime drake
 11594 | D:11     | Identified the +3 hand axe of Accord {drain, rC+}
 11700 | D:11     | XOM: god gift: 5 stones
 12165 | D:11     | Identified the +7 sling of the Foot {speed, rF+ Str+3
                  | Stlth+}
 12287 | D:11     | Found Tekkec's Book Boutique.
 12726 | Lair:1   | Entered Level 1 of the Lair of Beasts
 12777 | Lair:1   | XOM: god gift: scroll labelled PACHUPR NUIZE {god gift}
 12792 | Lair:1   | XOM: god gift: rapier {god gift}
 12822 | Lair:1   | Noticed an eight-headed hydra
 12822 | Lair:1   | XOM: 2-stop teleportation journey
 13045 | Lair:1   | Reached skill level 10 in Shields
 13045 | Lair:1   | Reached skill level 10 in Evocations
 13120 | Lair:1   | Found a radiant altar of Vehumet.
 13134 | Lair:1   | XOM: noise
 13138 | Lair:1   | Reached XP level 13. HP: 112/112 MP: 13/13
 13139 | Lair:1   | XOM: divination: detect items
 13192 | Lair:1   | XOM: cleaving
 13249 | Lair:1   | XOM: divination: detect creatures
 13583 | D:8      | XOM: stat loss: -1 Dex (11/12)
 13686 | D:10     | Bought a scroll of acquirement for 780 gold pieces
 13686 | D:10     | Acquired 1262 gold pieces
 13994 | D:10     | XOM: summons 6 hostile demons
 14529 | D:9      | XOM: noise
 14744 | Orc:2    | Bought a scroll of acquirement for 884 gold pieces
 14744 | Orc:2    | Acquired the +1 hat of Enwuiqogg {rF- rC++ Regen+ SInv}
 14764 | Orc:2    | XOM: give mutations
 14764 | Orc:2    | Lost mutation: You are robust. (+10% HP) [Xom's mischief]
 14764 | Orc:2    | Lost mutation: You are dopey. (Int -2) [Xom's mischief]
 14781 | Orc:2    | XOM: stat loss: -1 Dex (9/12)
 14885 | Orc:2    | Bought a potion of lignification for 30 gold pieces
 14885 | Orc:2    | Bought a potion of might for 40 gold pieces
 14885 | Orc:2    | Bought a potion of might for 40 gold pieces
 14885 | Orc:2    | Bought a potion of heal wounds for 50 gold pieces
 14975 | Orc:2    | Bought a scroll of blinking for 127 gold pieces
 14975 | Orc:2    | Bought a scroll of teleportation for 51 gold pieces
 14975 | Orc:2    | Bought a scroll of teleportation for 51 gold pieces
 15007 | Orc:2    | XOM is BORED!
 15007 | Orc:2    | XOM: summons 4 hostile shadow creatures
 15150 | Orc:1    | Noticed Sonja
 15154 | Orc:1    | Killed Sonja
 15158 | Orc:1    | XOM: summons friendly ufetubus
 15159 | Orc:1    | XOM: confusion (+ monsters)
 15223 | Orc:1    | Noticed an orc warlord
 15231 | Orc:1    | XOM: blink monster(s)
 15235 | Orc:1    | Killed an orc warlord
 15239 | Orc:1    | Reached skill level 10 in Fighting
 15246 | Orc:1    | XOM: confusion
 15290 | Orc:1    | XOM: polymorph orc wizard -> crocodile
 15423 | Orc:1    | XOM: chaos upgrade
 15425 | Orc:1    | XOM: polymorph orc knight -> black mamba
 15567 | Orc:2    | XOM: silly message
 16005 | Lair:2   | XOM: 2-stop teleportation journey
 16015 | Lair:2   | XOM: noise
 16071 | Lair:2   | XOM: summons 2 hostile shadow creatures
 16082 | Lair:2   | Reached skill level 11 in Shields
 16154 | Lair:2   | XOM: repel stairs
 16195 | Lair:2   | XOM: destruction
 16205 | Lair:2   | XOM: polymorph naga -> cane toad
 16209 | Lair:2   | XOM: silly message
 16324 | Lair:2   | XOM: polymorph bullfrog -> rat
 16428 | Lair:2   | Found a staircase to the Snake Pit.
 16641 | Lair:2   | XOM: polymorph four-headed hydra -> komodo dragon
 16656 | Lair:2   | Found a staircase to the Swamp.
 16937 | Lair:3   | XOM: give mutations
 16937 | Lair:3   | Lost mutation: Your spells are a little harder to cast, but
                  | a little more powerful. [Xom's mischief]
 16937 | Lair:3   | Lost mutation: A frigid envelope surrounds you and freezes
                  | all who hurt you. [Xom's mischief]
 16938 | Lair:3   | XOM: 1-stop teleportation journey
 16941 | Lair:3   | Reached XP level 14. HP: 103/111 MP: 14/14
 16947 | Lair:3   | XOM: potion effect (might)
 16954 | Lair:3   | XOM: confusion
 16960 | Lair:3   | XOM: enchant monster (bad)
 17340 | Lair:3   | XOM: stat loss: -1 Int (7/8)
 17492 | Lair:3   | XOM: give mutations
 17492 | Lair:3   | Gained mutation: A frigid envelope surrounds you and
                  | freezes all who hurt you. [Xom's mischief]
 17492 | Lair:3   | Lost mutation: You have a pair of small antennae on your
                  | head. [Xom's mischief]
 17492 | Lair:3   | Gained mutation: You expend magic power (3 MP) to
                  | strengthen your wands. [Xom's mischief]
 17630 | Lair:3   | XOM: stat loss: -1 Int (6/8)
 17715 | Lair:3   | XOM: draining
 17858 | Lair:4   | XOM: noise
 17922 | Lair:4   | Reached skill level 12 in Shields
 18001 | Lair:4   | XOM: divine lightning
 18625 | Lair:4   | XOM: give mutations
 18625 | Lair:4   | Gained mutation: You are dopey. (Int -2) [Xom's mischief]
 18625 | Lair:4   | Gained mutation: Your flesh is heat resistant. (rF+) [Xom's
                  | mischief]
 18756 | Lair:5   | Entered Level 5 of the Lair of Beasts
 18788 | Lair:5   | XOM: summons 5 friendly demons
 18789 | Lair:5   | XOM: silly message
 18828 | Lair:5   | XOM: potion effect (haste)
 18902 | Lair:5   | XOM: fake destruction
 18908 | Lair:5   | XOM: polymorph seven-headed hydra -> lindwurm
 18921 | Lair:5   | XOM: polymorph komodo dragon -> shapeshifter
 18950 | Lair:5   | XOM: divination: detect creatures
 18974 | Lair:5   | XOM: summons 2 friendly demons
 18988 | Lair:5   | XOM: cleaving
 19158 | Lair:5   | Reached skill level 13 in Shields
 19158 | Lair:5   | Gained mutation: You are powered by pain. [demonic
                  | ancestry]
 19158 | Lair:5   | Reached XP level 15. HP: 114/120 MP: 15/15
 19189 | Lair:5   | XOM: summons 6 friendly demons
 19191 | Lair:5   | XOM: confuse monster(s)
 19407 | Lair:5   | Found a staircase to the Slime Pits.
 19407 | Lair:5   | Found a viscous altar of Jiyva.
 19468 | Lair:5   | XOM: god gift: 2 stones
 19895 | Lair:3   | XOM: give mutations
 19895 | Lair:3   | Lost mutation: Your muscles are strong. (Str +4, Int/Dex
                  | -1) [Xom's mischief]
 19895 | Lair:3   | Lost mutation: Your body sometimes deteriorates upon taking
                  | damage. [Xom's mischief]
 19895 | Lair:3   | Lost mutation: You are dopey. (Int -2) [Xom's mischief]
 19895 | Lair:3   | Lost mutation: Your flesh is very cold resistant. (rC++)
                  | [Xom's mischief]
 20010 | Swamp:1  | Entered Level 1 of the Swamp
 20157 | Swamp:1  | Reached skill level 15 in Polearms
 20225 | Swamp:1  | XOM: summons friendly ufetubus
 20731 | Swamp:2  | XOM: summons 12 friendly demons
 20843 | Swamp:2  | XOM: 1-stop teleportation journey
 20864 | Swamp:2  | XOM: repel stairs
 20875 | Swamp:2  | XOM: scenery: summon butterflies
 20878 | Swamp:2  | XOM: polymorph butterfly -> jumping spider
 20878 | Swamp:2  | XOM: smoke on damage
 20881 | Swamp:2  | HP: 6/183 [bunyip (14)]
 20899 | Swamp:2  | Reached skill level 14 in Shields
 21319 | Swamp:3  | Found a transporter.
 21368 | Swamp:3  | XOM: cloud trail
 21385 | Swamp:3  | XOM: enchant monster (good)
 21406 | Swamp:3  | Noticed Mlioglotl
 21415 | Swamp:3  | Killed Mlioglotl
 21566 | Swamp:3  | Found a one-way gate to the infinite horrors of the Abyss.
 21568 | Swamp:3  | Noticed a tentacled monstrosity
 21582 | Swamp:3  | Found a transporter.
 21616 | Swamp:3  | XOM: confuse monster(s)
 21621 | Swamp:3  | XOM: summons friendly quasit
 21653 | Swamp:3  | Noticed fermion's ghost (adept FeSu)
 21769 | Swamp:3  | Noticed a fenstrider witch
 21769 | Swamp:3  | Identified the serpent talisman "Enaghios" {Slay+2}
 21769 | Swamp:3  | Noticed Aizul
 21853 | Swamp:3  | XOM: butterfly on damage
 21859 | Swamp:3  | Killed Aizul
 21861 | Swamp:3  | HP: 9/183 [poisoned by Aizul (bolt of poison)]
 21863 | Swamp:3  | HP: 4/122 [poisoned by Aizul (bolt of poison)]
 21890 | Swamp:3  | XOM: cloud trail
 21928 | Swamp:3  | Killed a fenstrider witch
 22205 | Swamp:4  | Entered Level 4 of the Swamp
 22257 | Swamp:4  | XOM: summons 3 friendly demons
 22263 | Swamp:4  | XOM: polymorph swamp dragon -> swamp drake
 22297 | Swamp:4  | Reached XP level 16. HP: 130/130 MP: 16/16
 22340 | Swamp:4  | XOM: scenery: summon butterflies
 22409 | Swamp:3  | XOM: give mutations
 22409 | Swamp:3  | Lost mutation: You passively map a small area around you.
                  | [Xom's mischief]
 22409 | Swamp:3  | Gained mutation: You occasionally lose the ability to read
                  | scrolls when taking damage. [Xom's mischief]
 22410 | Swamp:3  | Lost mutation: A frigid envelope surrounds you and freezes
                  | all who hurt you. [potion of mutation]
 22410 | Swamp:3  | Lost mutation: Your flesh is heat resistant. (rF+) [potion
                  | of mutation]
 22410 | Swamp:3  | Gained mutation: You are dopey. (Int -2) [potion of
                  | mutation]
 22410 | Swamp:3  | Gained mutation: Your spells are a little harder to cast,
                  | but a little more powerful. [potion of mutation]
 22411 | Swamp:3  | Lost mutation: Your natural rate of healing is unusually
                  | fast. [potion of mutation]
 22411 | Swamp:3  | Lost mutation: You expend magic power (3 MP) to strengthen
                  | your wands. [potion of mutation]
 22411 | Swamp:3  | Lost mutation: You occasionally lose the ability to read
                  | scrolls when taking damage. [potion of mutation]
 22411 | Swamp:3  | Gained mutation: You are agile. (Dex +4, Str/Int -1)
                  | [potion of mutation]
 22411 | Swamp:3  | Lost mutation: You occasionally shout uncontrollably at
                  | your foes. [potion of mutation]
 22411 | Swamp:3  | Gained mutation: You have a pair of small horns on your
                  | head. [potion of mutation]
 22483 | Swamp:3  | XOM: summons 13 friendly demons
 22574 | Swamp:4  | XOM: confusion
 22576 | Swamp:4  | XOM: summons friendly crimson imp
 22577 | Swamp:4  | XOM: summons 2 friendly demons
 22646 | Swamp:3  | XOM: silly message
 22757 | Swamp:4  | XOM: cast spell 'Summon Small Mammal'
 22798 | Swamp:3  | XOM: summons friendly shadow imp
 22817 | Swamp:3  | Reached skill level 15 in Shields
 22860 | Swamp:3  | HP: 5/130 [poisoned by a swamp dragon (poison gas)]
 22862 | Swamp:3  | Xom revived you
 23030 | Swamp:3  | XOM: cloud trail
 23080 | Swamp:4  | XOM: confuse monster(s)
 23084 | Swamp:4  | XOM: polymorph fire dragon -> human
 23213 | Swamp:4  | Got a decaying rune of Zot
 23233 | Swamp:4  | XOM: god gift: broad axe {god gift}
 23339 | Swamp:4  | XOM: 5-stop teleportation journey
 23410 | Swamp:4  | XOM: cloud trail
 24042 | D:8      | XOM: silly message
 24247 | Orc:2    | Bought 3 scrolls of enchant armour for 382 gold pieces
 24309 | Elf:1    | Entered Level 1 of the Elven Halls
 24410 | Orc:2    | XOM: silly message
 24694 | Snake:1  | Entered Level 1 of the Snake Pit
 24758 | Snake:1  | XOM: smoke on damage
 24768 | Snake:1  | XOM: enchant monster (bad)
 24790 | Snake:1  | XOM: snakes to sticks
 24831 | Snake:1  | Reached skill level 16 in Shields
 24977 | Snake:1  | Identified the +10 war axe of Ulaun {elec, Will+ Int+4}
 25015 | Snake:1  | Noticed Agnes
 25016 | Snake:1  | XOM: summons 2 friendly demons
 25021 | Snake:1  | XOM: enchant monster (good)
 25031 | Snake:1  | Reached skill level 1 in Axes
 25033 | Snake:1  | Your ally Agnes died
 25100 | Snake:1  | XOM: 1-stop teleportation journey
 25265 | Snake:1  | Found Uzinok's Overcharged Wands.
 25368 | Snake:1  | XOM: noise
 25736 | Snake:2  | XOM: cast spell 'Malign Gateway'
 25740 | Snake:2  | Found Iloa's Assorted Antiques.
 25740 | Snake:2  | Noticed Vashnia
 25746 | Snake:2  | XOM: cleaving
 25775 | Snake:2  | XOM: noise
 25777 | Snake:2  | XOM: divination: detect creatures
 25778 | Snake:2  | Killed Vashnia
 25779 | Snake:2  | Reached skill level 5 in Axes
 25780 | Snake:2  | XOM: silly message
 25838 | Snake:2  | Found Yrchumy's Jewellery Emporium.
 25838 | Snake:2  | Found Yplayhie's Magic Scroll Shoppe.
 25847 | Snake:2  | Found Gaihaem's Jewellery Shoppe.
 25856 | Snake:2  | Gained mutation: You have a sharp stinger which inflicts
                  | weakening toxins. [demonic ancestry]
 25856 | Snake:2  | Reached XP level 17. HP: 137/137 MP: 17/17
 25876 | Snake:2  | XOM: cast spell 'Summon Ice Beast'
 25885 | Snake:2  | XOM: fake destruction
 26049 | Snake:2  | Noticed Roxanne
 26409 | Snake:2  | XOM: god gift: helmet {god gift}
 26561 | Snake:2  | XOM: confuse monster(s)
 26584 | Snake:2  | Killed Roxanne
 26735 | Snake:3  | XOM: polymorph naga -> adder
 26790 | Snake:3  | Noticed Saint Roka
 26801 | Snake:3  | XOM: snakes to sticks
 26803 | Snake:3  | Identified the +5 kite shield "Fugerr" {rF++ rC+} (Xom
                  | gifted it to you on level 3 of the Snake Pit)
 26803 | Snake:3  | XOM: god gift: +5 kite shield "Fugerr" {rF++ rC+}
 26905 | Snake:3  | Noticed Jorgrun
 26906 | Snake:3  | XOM: summons friendly shadow imp
 26911 | Snake:3  | XOM: confuse monster(s)
 26919 | Snake:3  | Killed Jorgrun
 26922 | Snake:3  | XOM: potion effect (attraction)
 27034 | Snake:3  | XOM: noise
 27036 | Snake:3  | XOM: summons 2 friendly demons
 27066 | Snake:3  | XOM: smoke on damage
 27156 | Snake:3  | Noticed Asterion
 27162 | Snake:3  | Killed Asterion
 27162 | Snake:3  | XOM: summons 2 hostile demons
 27428 | Snake:3  | XOM: draining
 27434 | Snake:3  | Killed Saint Roka
 27537 | Snake:3  | XOM: confuse monster(s)
 27547 | Snake:3  | XOM: smoke on damage
 27676 | Snake:4  | Entered Level 4 of the Snake Pit
 27686 | Snake:4  | XOM: god gift: wand of paralysis (5)
 27744 | Snake:4  | Reached skill level 5 in Armour
 27947 | Snake:4  | XOM: silly message
 27971 | Snake:4  | XOM: divination: magic mapping
 27981 | Snake:4  | XOM: divination: magic mapping
 28122 | Snake:4  | Found Osecw's Weapon Shop.
 28122 | Snake:4  | XOM: silly message
 28200 | Snake:4  | XOM: divination: detect items
 28252 | Snake:4  | XOM: potion effect (invisibility)
 28479 | Snake:4  | XOM: give mutations
 28479 | Snake:4  | Gained mutation: Your body sometimes deteriorates upon
                  | taking damage. [Xom's mischief]
 28479 | Snake:4  | Gained mutation: You have hidden genetic defects. [Xom's
                  | mischief]
 28484 | Snake:4  | Lost mutation: Your spells are a little harder to cast, but
                  | a little more powerful. [potion of mutation]
 28484 | Snake:4  | Lost mutation: You have a pair of small horns on your head.
                  | [potion of mutation]
 28484 | Snake:4  | Lost mutation: You have hidden genetic defects. [potion of
                  | mutation]
 28485 | Snake:4  | Lost mutation: Your flesh is cold resistant. (rC+) [potion
                  | of mutation]
 28485 | Snake:4  | Lost mutation: You are agile. (Dex +4, Str/Int -1) [potion
                  | of mutation]
 28485 | Snake:4  | Lost mutation: You are dopey. (Int -2) [potion of mutation]
 28485 | Snake:4  | Gained mutation: Your mind is acute. (Int +4, Str/Dex -1)
                  | [potion of mutation]
 28499 | Snake:4  | XOM: noise
 28513 | Snake:4  | XOM: summons 3 friendly demons
 28614 | Snake:4  | XOM: cloud trail
 28722 | Snake:4  | XOM: confuse monster(s)
 29096 | Snake:4  | XOM: confuse monster(s)
 29098 | Snake:4  | XOM: cast spell 'Summon Mana Viper'
 29116 | Snake:4  | Reached XP level 18. HP: 115/144 MP: 15/18
 29126 | Snake:4  | a nagaraja changed into an iron giant
 29126 | Snake:4  | Noticed an iron giant
 29126 | Snake:4  | XOM: polymorph nagaraja -> iron giant
 29136 | Snake:4  | Killed an iron giant
 29239 | Snake:4  | XOM: confusion
 29268 | Snake:4  | XOM: confusion (+ monsters)
 29270 | Snake:4  | XOM: noise
 29272 | Snake:4  | Reached skill level 10 in Armour
 29280 | Snake:4  | XOM: cast spell 'Summon Hydra'
 29510 | Snake:4  | Got a serpentine rune of Zot
 30471 | D:12     | XOM: enchant monster (bad)
 30524 | D:12     | XOM: 7-stop teleportation journey
 30980 | D:13     | XOM: scenery: 2 doors open, 1 doors close
 31150 | D:13     | XOM: blink monster(s)
 31163 | D:13     | XOM: torment (63/144 hp)
 31507 | D:13     | Noticed Rupert
 31508 | D:13     | XOM: summons 1 hostile demon
 31514 | D:13     | XOM: divination: detect items
 31521 | D:13     | Killed Rupert
 31721 | D:14     | Found Gaxaedeo's Serpentskin Sales.
 31724 | D:14     | XOM: enchant monster (good)
 31883 | D:14     | Found a gate leading to a gauntlet.
 31893 | D:14     | Identified the +0 helmet of Rotten Knowledge {rPois rCorr
                  | Dex-4}
 31898 | Gauntlet | Entered a Gauntlet
 31898 | Gauntlet | Found a transporter.
 31899 | Gauntlet | Found a large runed translucent door.
 31900 | Gauntlet | Found a large runed translucent door.
 31901 | Gauntlet | Found a large runed translucent door.
 31901 | Gauntlet | Found a large runed translucent door.
 31901 | Gauntlet | Found a runed translucent door.
 31901 | Gauntlet | Found a runed translucent door.
 31902 | Gauntlet | Found a large runed translucent door.
 31903 | Gauntlet | Found a large runed translucent door.
 31904 | Gauntlet | Found a large runed translucent door.
 31904 | Gauntlet | Found a large runed translucent door.
 31905 | Gauntlet | Found a runed translucent gate.
 31905 | Gauntlet | Found a runed translucent gate.
 31905 | Gauntlet | Found a runed translucent gate.
 31907 | Gauntlet | Found a transporter.
 31913 | Gauntlet | Found a large runed translucent door.
 31913 | Gauntlet | Found a large runed translucent door.
 31913 | Gauntlet | Found a large runed translucent door.
 31913 | Gauntlet | Found a large runed translucent door.
 31914 | Gauntlet | Found a large runed translucent door.
 31914 | Gauntlet | Found a large runed translucent door.
 31915 | Gauntlet | Found a large runed translucent door.
 31915 | Gauntlet | Found a transporter.
 31915 | Gauntlet | Found a large runed translucent door.
 31917 | Gauntlet | Found a transporter.
 31943 | Gauntlet | Found a transporter.
 31943 | Gauntlet | Found a transporter.
 31953 | Gauntlet | Found a transporter.
 31965 | Gauntlet | XOM: silly message
 31971 | Gauntlet | Found a transporter.
 31978 | Gauntlet | Found a transporter.
 31999 | Gauntlet | Found a transporter.
 32017 | Gauntlet | Found a transporter.
 32039 | Gauntlet | Found a transporter.
 32063 | Gauntlet | Found a transporter.
 32075 | Gauntlet | Found a transporter.
 32107 | Gauntlet | Found a transporter.
 32125 | Gauntlet | Found a transporter.
 32145 | Gauntlet | Found a transporter.
 32182 | Gauntlet | Found a transporter.
 32468 | Gauntlet | XOM: summons 3 hostile demons
 32777 | D:14     | Found a gate to the Vaults.
 32993 | D:14     | Found the +8 Vampire's Tooth {megavamp}
 33201 | D:14     | XOM: god gift: wand of acid (7)
 33511 | Vaults:1 | Entered Level 1 of the Vaults
 33563 | Vaults:1 | XOM: 1-stop teleportation journey
 33597 | Vaults:1 | XOM: 1-stop teleportation journey
 33664 | Vaults:1 | XOM: confusion (+ monsters)
 33675 | Vaults:1 | Slain by a war gargoyle

Illustrated notes

Levels and vault maps discovered:
D:1:      tarquinn_simple_flora_water_e, layout_rooms, serial_curves,
          eino_curves_02, eino_curves_03, hangedman_feature_mirror, minivault_19
D:2:      layout_basic, minmay_tall_x
D:3:      layout_basic, ebering_ghost_reflecting_pool, serial_shops,
          nicolae_shop_window_shopping, shop, nicolae_shop_tiny_glass,
          roderic_three_in_a_row, nicolae_figureground_pulse
D:4:      layout_cave_pods, minmay_temple_entry_junction_2, enter_ossuary_5,
          minmay_joined_circles, uniq_edmund, uniq_ijyb
D:5:      layout_loops_ring, mainiacjoe_overflow_paths,
          mainiacjoe_overflow_small_starburst, gammafunk_ghost_split,
          nicolae_shop_firing_range
D:6:      layout_basic, marbit_many_paths, serial_glass, glass_columns_b,
          glass_columns_a, glass_columns_a, glass_columns_c, glass_columns_b,
          glass_columns_c, glass_columns_a, glass_columns_b, glass_columns_c,
          glass_columns_b, glass_columns_b, glass_columns_b, glass_columns_a,
          glass_columns_a
D:7:      nicolae_BIG_FREAKIN_CUBE, layout_basic, serial_shops,
          nicolae_shop_back_alley_shop, uniq_maggie, uniq_menkaure, uniq_joseph
D:8:      layout_basic, lair_entry_dummy, serial_bayou_lagoon_a,
          minmay_fractal_squares_diagonal_5
D:9:      layout_rooms, mainiacjoe_overflow_divided_tiny,
          nicolae_overflow_hidden_temple, orc_0_dummy, st_stairs_4,
          kennysheep_generic_room_16, uniq_harold
D:10:     wander_river, layout_gridville, nemelex_diamond_rough_becter,
          serial_rivers, chequers_serial_rivers_small_3,
          chequers_serial_rivers_small_a, chequers_serial_rivers_room_a,
          chequers_serial_rivers_marsh, chequers_serial_rivers_small_b,
          serial_shops, shop
D:11:     layout_layer_cave, serial_shops, kennysheep_mini
D:12:     layout_long_grid
D:13:     layout_irregular_city, uniq_rupert
D:14:     layout_basic, hellmonk_vaults_order_and_chaos, gauntlet_entry_generic,
          minmay_misc_feat_encased, guppyfry_shop_venom
Temple:   nicolae_temple_ecumenical_triangle
Lair:1:   layout_regular_city, basic_altar, grunt_megastairs_2,
          infiniplex_staircase_pool, lemuel_fruit_fields, serial_bayou_shore_b,
          serial_bayou_shore_a
Lair:2:   layout_regular_city, palyth_hydra_swamp_entry,
          minmay_snake_entry_guardpost_small
Lair:3:   layout_cave_pods, minmay_stone_trees_medium
Lair:4:   layout_regular_city
Lair:5:   grunt_lair_end_beastmaster, layout_misc_corridors, slime_entry_1,
          nicolae_quartered_pool_impasse, grunt_megastairs_4
Swamp:1:  layout_falls_marsh, nicolae_swamp_triple_paths
Swamp:2:  layout_falls_marsh, nicolae_swamp_stair_fork
Swamp:3:  layout_falls_marsh, gammafunk_ghost_abyssal_escape,
          hangedman_swamp_ruin_wall, swamp_pool_5, uniq_aizul, uniq_mlioglotl
Swamp:4:  swamp_fiery, layout_basic_swamp, swamp_pool_4,
          nicolae_swamp_decorative_isthmus
Snake:1:  cheibrodos_snake_ritualist_ritual, layout_onion,
          nicolae_shop_overcharged_wands, uniq_agnes
Snake:2:  layout_misc_corridors, nicolae_snake_springs, grunt_megastairs_3,
          minmay_shoptagon, uniq_vashnia, uniq_roxanne
Snake:3:  layout_basic, uniq_jorgrun, uniq_asterion, uniq_saint_roka
Snake:4:  grunt_snake_rune_pools, layout_chambers, grunt_megastairs_1,
          minmay_shop_star, serial_bayou_shore_b
Orc:1:    orc_temple, layout_diamond_mine, uniq_sonja
Orc:2:    grunt_orc_community_town_hall, layout_diamond_mine,
          grunt_orc_community_big_house_2, grunt_orc_community_big_house_2,
          grunt_orc_community_house_2, grunt_orc_community_house_2,
          grunt_orc_community_house_1, grunt_orc_community_house_2,
          grunt_orc_community_house_3, grunt_orc_community_house_2,
          serial_shops, shop, guppyfry_orc_lava_fort
Elf:1:    eino_elf_arrival_sip, layout_gridlike, serial_shops,
          nicolae_shop_window_shopping, shop, nicolae_shop_tiny_real_fake_doors,
          nicolae_shop_behind_doors, nicolae_shop_rolling_square,
          hangedman_elf_represent, grunt_ministairs_12, uniq_donald
Vaults:1: nicolae_vaults_tangram_1, nicolae_vaults_corridor_and_loot_room,
          nicolae_vaults_trapezoid_1, nicolae_vaults_network_star,
          v_alt_pattern_6, ontoclasm_vaults_fault,
          nicolae_vaults_oval_intersection, nicolae_vaults_tetromino_T_1,
          vaults_standard_mumra_enter_the_diamond,
          hangedman_vaults_stretched_pinwheel, layout_vaults_big_room,
          enter_trove_3

Skill      XL: |  1  2  3  4  5  6  7  8  9 10 11 12 13 14 15 16 17 18 |
---------------+-------------------------------------------------------+-----
Armour         | 2 3 4 9 13 | 13.2
Polearms       | 3 4 5 6 8 9 10 11 12 13 14 15 | 15.5
Dodging        | 1 |  1.5
Evocations     | 1 2 3 4 6 7 8 10 11 12 13 14 | 14.0
Fighting       | 4 5 6 7 8 9 10 11 13 | 13.4
Shields        | 1 3 4 6 8 10 11 13 14 16 | 16.1
Axes           | 5 9 |  9.8

Action                     |  1- 3 |  4- 6 |  7- 9 | 10-12 | 13-15 | 16-18 || total
---------------------------+-------+-------+-------+-------+-------+-------++-------
  Melee: Spear             |   124 |       |       |       |       |       ||   124
         Tailslap          |    11 |     4 |    32 |    52 |   108 |   168 ||   375
         Trident           |     9 |    52 |   290 |   436 |   668 |   214 ||  1669
         Punch             |     1 |       |       |       |       |       ||     1
         War axe           |       |       |       |       |       |   715 ||   715
         Headbutt          |       |       |       |       |       |   172 ||   172
  Evoke: Wand              |       |       |       |    15 |    17 |     3 ||    35
    Use: Potion            |     1 |     3 |     6 |     8 |     8 |    25 ||    51
         Scroll            |       |     8 |    10 |    14 |    13 |    23 ||    68
   Stab: Confused          |     1 |     1 |       |     2 |     1 |     6 ||    11
         Distracted        |       |       |     1 |       |     1 |       ||     2
         Invisible         |       |       |       |     2 |       |       ||     2
         Petrified         |       |       |       |       |     8 |       ||     8
         Held in net/web   |       |       |       |       |     1 |       ||     1
 Armour: Leather armour    |    70 |       |       |       |       |       ||    70
         Chain mail        |    28 |    47 |   273 |       |       |       ||   348
         Ring mail         |       |       |    43 |   322 |   418 |   113 ||   896
         Skin              |       |       |       |       |    20 |     6 ||    26
         Swamp dragon scal |       |       |       |       |       |   252 ||   252
         Fire dragon scale |       |       |       |       |       |   132 ||   132
  Dodge: Dodged            |    70 |    12 |    90 |   156 |   140 |   195 ||   663
  Block: Kite shield       |     2 |    15 |   183 |   251 |       |       ||   451
         Tower shield      |       |       |       |    45 |   703 |  1464 ||  2212
